Map: King Sejong Station LE

Players

Nerchio

  • Race: Zerg Zerg
  • League: Master

ShoWTimE - Winner!

  • Race: Protoss Protoss
  • League: Master

Event: DreamHack ZOWIE Open Valencia 2016

VOD

Have the link to the VOD?

Description

Time

  • Played on: July 16, 2016, 5:52 a.m.
  • Length: 6:55

All games in this series

Show
View Real Time Build Order
Export as new Build Order

Nerchio Zerg 

Build Orders: Hatch First 

Get SALT Encoding   

  12  0:00  Drone  
  13  0:12  Overlord  
  13  0:17  Drone  
  14  0:30  Drone x2  
  14  0:34  Drone  
  17  0:52  Hatchery  
  17  0:54  Drone  
  17  0:57  Drone  
  17  1:02  Extractor  
  17  1:14  Spawning Pool  
  17  1:17  Drone  
  17  1:19  Drone  
  18  1:27  Drone  
  19  1:38  Overlord  
  19  1:49  Drone  
  20  2:00  Queen  
  22  2:02  Metabolic Boost  
  22  2:04  Queen  
  22  2:05  Zergling x2  
  22  2:08  Drone  
  26  2:11  Drone  
  26  2:15  Drone  
  28  2:21  Drone  
  29  2:35  Hatchery  
  29  2:36  Drone  
  29  2:39  Drone  
  29  2:42  Drone  
  31  2:46  Overlord  
  31  2:51  Zergling x2  
  32  2:54  Zergling x2  
  33  3:01  Zergling x2  
  33  3:02  Queen  
  36  3:08  Drone x4  
  40  3:14  Overlord  
  40  3:16  Drone x2  
  40  3:18  Drone  
  43  3:23  Spore Crawler  
  42  3:29  Queen  
  45  3:34  Drone x2  
  45  3:39  Overlord  
  46  3:43  Queen  
  46  3:44  Drone  
  49  3:51  Queen  
  49  3:52  Drone x2  
  49  3:54  Drone  
  54  3:57  Overlord  
  54  4:00  Drone x2  
  56  4:07  Lair  
  56  4:09  Overlord  
  56  4:19  Drone  
  56  4:20  Drone x2  
  56  4:23  Roach Warren  
  58  4:24  Zergling x8  
  62  4:35  Spore Crawler, Drone x5  
  62  4:36  Drone  
  67  4:39  Overlord  
  67  4:52  Overlord  
  67  4:56  Spore Crawler  
  66  5:03  Roach x7  
  66  5:04  Zergling x8  
  84  5:15  Roach  
  84  5:16  Zergling x10  
  84  5:20  Spine Crawler  
  90  5:23  Spine Crawler  
  81  5:29  Roach  
  81  5:32  Roach  
  77  5:41  Roach  
  76  5:45  Zergling x16  
  76  5:46  Zergling x2  
  76  5:49  Roach  
  69  5:59  Roach  
  69  6:01  Zergling x4  
Show
View Real Time Build Order
Export as new Build Order

ShoWTimE Protoss - Winner!

Build Orders: Nexus First 

Get SALT Encoding   

  12  0:00  Probe (Chrono Boost)  
  13  0:11  Probe (Chrono Boost)  
  14  0:18  Pylon  
  14  0:22  Probe (Chrono Boost)  
  15  0:37  Probe (Chrono Boost)  
  16  0:47  Probe (Chrono Boost)  
  17  0:58  Nexus  
  17  1:08  Gateway  
  17  1:11  Probe (Chrono Boost)  
  18  1:16  Assimilator  
  18  1:21  Probe (Chrono Boost)  
  18  1:24  Assimilator  
  19  1:32  Probe (Chrono Boost)  
  20  1:39  Gateway  
  20  1:42  Probe (Chrono Boost)  
  21  1:53  Probe (Chrono Boost)  
  22  1:55  Cybernetics Core  
  22  2:03  Probe (Chrono Boost)  
  23  2:08  Pylon  
  23  2:11  Probe (Chrono Boost)  
  23  2:14  Probe (Chrono Boost)  
  25  2:21  Probe (Chrono Boost)  
  26  2:25  Probe (Chrono Boost)  
  26  2:28  Stalker, Adept  
  27  2:33  Probe (Chrono Boost)  
  27  2:35  Warp Gate  
  32  2:39  Probe (Chrono Boost)  
  34  2:45  Probe (Chrono Boost)  
  34  2:48  Twilight Council  
  35  2:52  Probe (Chrono Boost)  
  35  2:57  Probe (Chrono Boost)  
  36  3:03  Probe (Chrono Boost)  
  37  3:07  Probe (Chrono Boost)  
  37  3:09  Robotics Facility  
  38  3:12  Resonating Glaives  
  38  3:14  Probe (Chrono Boost)  
  38  3:16  Pylon  
  38  3:18  Probe (Chrono Boost)  
  40  3:26  Probe (Chrono Boost)  
  41  3:28  Probe (Chrono Boost)  
  42  3:40  Pylon, Gateway  
  42  3:42  Pylon  
  42  3:46  Gateway  
  42  3:53  Gateway  
  42  3:54  Gateway  
  42  3:58  Gateway  
  42  4:03  Gateway  
  42  4:04  Warp Prism  
  44  4:16  Mothership Core (Chrono Boost)  
  46  4:17  Pylon  
  46  4:28  Assimilator  
  46  4:40  Adept x3  
  46  4:41  Observer  
  53  4:46  Pylon  
  53  4:56  Adept x4  
  53  4:59  Pylon, Adept  
  63  5:00  Adept x2  
  63  5:03  Adept  
  69  5:10  Pylon  
  69  5:26  Adept x5  
  69  5:27  Adept  
  79  5:29  Adept  
  79  5:32  Adept  
  79  5:49  Adept x2  
  81  5:50  Adept x3  
  81  5:53  Adept  
  87  6:02  Pylon  
  85  6:04  Pylon  

Tags
 
Add a new tag
Caveats
  • Supply blocks, unpowered buildings, or Contaminate may cause inaccurate times.
  • Supply counts are checked every 10 seconds.